 Dungeon Crawl Stone Soup version 0.20.0 (webtiles) character file.

653617 Silverhawk the Conqueror (level 27, -1/245 HPs)
             Began as a Minotaur Berserker on May 28, 2017.
             Was a High Priest of Trog.
             Slain by a balrug
             ... wielding a +3 demon whip of draining
             ... summoned by Guveulla
              (7 damage)
             ... on level 5 of the Realm of Zot on May 30, 2017.
             The game lasted 07:39:04 (63339 turns).

Silverhawk the Conqueror (Minotaur Berserker)      Turns: 63339, Time: 07:39:05

Health: -1/245     AC: 43    Str: 25    XL:     27
Magic:  9/9        EV: 25    Int:  5    God:    Trog [*****.]
Gold:   3538       SH: 27    Dex: 23    Spells: 26/26 levels left

rFire    + + .     SeeInvis .   Y - +9 broad axe (antimagic)
rCold    + . .     Gourm    .   z - +5 shield {rF+}
rNeg     . . .     Faith    .   E - +3 gold dragon scales
rPois    +         Spirit   .   (helmet restricted)
rElec    .         Reflect  +   O - +2 cloak
rCorr    .         Harm     .   B - +1 pair of gloves "Zejoyb" {Dex+3}
MR       ++++.     Rnd*Rage +   P - +2 pair of boots
Stlth    ..........             q - +4 amulet of reflection
Regen    1.5/turn               V - ring of Robustness {AC+8}
MPRegen  0.2/turn               v - +3 ring of slaying

@: mighty, berserk cooldown, regenerating, slowed, very slow
A: retaliatory headbutt, horns 2, berserk 1, blurry vision 1, deformed body,
frail 1, screaming 1, weak 2, subdued magic 1
0: Orb of Zot
}: 3/15 runes: decaying, silver, gossamer
a: Berserk, Trog's Hand, Brothers in Arms, Burn Spellbooks, Renounce Religion


You were on level 5 of the Realm of Zot.
You worshipped Trog.
Trog was extremely pleased with you.
You were very full.

You visited 9 branches of the dungeon, and saw 47 of its levels.
You visited the Abyss 1 time.
You visited 1 bazaar.
You also visited: Labyrinth, Sewer, Ossuary, Ice Cave and Volcano.

You collected 5853 gold pieces.
You spent 2315 gold pieces at shops.

Inventory:

Hand Weapons
 i - a +0 antimagic broad axe
 Y - a +9 antimagic broad axe (weapon)
Missiles
 M - 9 throwing nets (quivered)
Armour
 z - a +5 shield of fire resistance (worn)
 B - the +1 pair of gloves "Zejoyb" (worn) {Dex+3}
   (You found it on level 5 of the Vaults)

   It affects your dexterity (+3).
 E - +3 gold dragon scales (worn)
 O - a +2 cloak (worn)
 P - a +2 pair of boots (worn)
Jewellery
 q - a +4 amulet of reflection (around neck)
 u - an uncursed ring of resist corrosion
 v - a +3 ring of slaying (right hand)
 x - an uncursed ring of protection from magic
 I - an uncursed ring of fire
 J - an uncursed ring of protection from cold
 N - an uncursed ring of poison resistance
 S - an uncursed ring of see invisible
 V - the ring of Robustness (left hand) {AC+8}
   (You took it off a deep elf death mage on level 5 of the Vaults)

   [ring of protection]

   It affects your AC (+8).
Wands
 b - a wand of digging (8/24)
 h - a wand of acid (7/15)
 p - a wand of iceblast (11/15)
 t - a wand of digging (15/24)
 D - a wand of digging (11/24)
 H - a wand of scattershot (4/9)
 L - a wand of polymorph (6/24)
Scrolls
 g - 17 scrolls of teleportation
 m - 20 scrolls of remove curse
 s - 14 scrolls of identify
 C - 4 scrolls of magic mapping
 F - 7 scrolls of blinking
 G - 5 scrolls of enchant weapon
 R - 5 scrolls of recharging
 W - 4 scrolls of fog
 X - 2 scrolls of fear
Potions
 a - 6 potions of agility
 e - 2 potions of invisibility
 f - 3 potions of heal wounds
 j - 6 potions of might
 k - 5 potions of haste
 n - 8 potions of lignification
 o - 3 potions of resistance
 r - 29 potions of curing
 w - 7 potions of ambrosia
 A - 10 potions of flight
 K - 5 potions of cancellation
Books
 l - a book of Debilitation

   Spells                             Type                      Level
   a - Corona                         Hexes                        1
   b - Slow                           Hexes                        2
   c - Inner Flame                    Hexes/Fire                   3
   d - Portal Projectile              Hexes/Translocation          3
   e - Cause Fear                     Hexes                        4
   f - Leda's Liquefaction            Hexes/Earth                  4
   Trog disapproves of the use of such an item.
 y - a book of the Earth

   Spells                             Type                      Level
   a - Leda's Liquefaction            Hexes/Earth                  4
   b - Bolt of Magma                  Conjuration/Fire/Earth       5
   c - Statue Form                    Transmutation/Earth          6
   d - Iron Shot                      Conjuration/Earth            6
   e - Shatter                        Earth                        9
   Trog disapproves of the use of such an item.
Comestibles
 c - 19 bread rations
 d - 18 meat rations
 Q - 3 chunks of flesh


   Skills:
 O Level 27 Fighting
 - Level 18.0 Axes
 O Level 27 Armour
 O Level 27 Dodging
 + Level 22.2 Shields
 - Level 7.5 Evocations


You had 26 spell levels left.
You didn't know any spells.

Dungeon Overview and Level Annotations

Branches:
Dungeon (15/15)            Temple (0/1) D:7            Lair (6/6) D:9
  Swamp (4/4) Lair:4       Spider (4/4) Lair:2        Slime (0/5) Lair:6
    Orc (2/2) D:11            Elf (0/3) Orc:2        Vaults (5/5) D:13
  Crypt (1/3) Vaults:2     Depths (5/5) D:15            Zot (5/5) Depths:5

Altars:
Ashenzari
Cheibriados
Kikubaaqudgha
Makhleb
Sif Muna
Trog
Uskayaw
Xom
Yredelemnul

Shops:
D:5 *   D:9 }=:   D:11 ?   D:13 ?%=   Orc:2 [*(=   Vaults:1 %%??   Vaults:4 [
Vaults:5 :   Depths:1 *

Portals:
Hell: Depths:1 Depths:2 Depths:3 Depths:4 Depths:5
Abyss: Depths:1 Depths:4
Pandemonium: Depths:3 Depths:5
Ziggurat: Depths:4
Trove: Vaults:4 (give +5 demon whip)

Annotations:
D:15 1 exclusion


Innate Abilities, Weirdness & Mutations

You reflexively headbutt those who attack you in melee.
You have a pair of horns on your head.
You tend to lose your temper in combat.
Scrolls take you a little longer to read.
Armour fits poorly on your strangely shaped body.
You are frail. (-10% HP)
You occasionally shout uncontrollably at your foes.
You are very weak. (Str -4)
Your spells are a little easier to cast, but a little less powerful.


Message History

Really read with blurry vision while enemies are nearby?
You block the hell hound's attack. You block the Orb Guardian's attack.
Guveulla hits you!
* * * LOW HITPOINT WARNING * * *
The tormentor gestures at you. You resist with almost no effort.
The Brimstone Fiend calls on the powers of darkness!
The Orb Guardian convulses!
Your body is wracked with pain!
* * * LOW HITPOINT WARNING * * *
The Hell Sentinel hits you!
* * * LOW HITPOINT WARNING * * *
The Hell Sentinel hits you but does no damage.
The lich gestures wildly while chanting.
The ynoxinul gestures.
You begin reading the scroll.
You continue reading the scroll.
You block the hell hound's attack. You block the Orb Guardian's attack.
You block the tormentor's attack.
The tormentor hits you but does no damage.
The balrug hits you with a demon whip of draining!
You die...

.......###'#.......# #.#.##.#
.......#.........### #.#.##[#
.......#.........# #.#.##.#
###▓▓▓▓########.########▓▓▓▓#####
..## #.......5.......# ##....
...## ##....553......## ##.....
....## #.......1.....# ##......
.....# ##.....2&11..## #.......
....^# #......@2L..# #.......
.....# ##.....h.XhL.## #.......
.....# #.....W.§1W.).# #.......
.....# ##.............## #.....^.
.....###^..............###.....^.
..).###...###########...###......
.).##....## ##....##.....
..))...### ###...^..... #▓▓▓▓▓▓#
#▓▓▓▓▓▓▓▓▓


You could see Guveulla, 2 Hell Sentinels, 2 Brimstone Fiends, an Orb Guardian, 2
liches, a balrug, a phantasmal warrior, a freezing wraith, a tormentor, a
ynoxinul, 2 hell hounds and 3 ufetubi.

Vanquished Creatures
  3 orbs of fire
  Mennas (Vaults:3)
  9 ancient liches
  Bai Suzhen (Vaults:3)
  the Lernaean hydra (Swamp:4)
  Xtahua (Vaults:3)
  3 Killer Klowns
  Frederick (Vaults:4)
  6 golden dragons
  Nikola (Spider:1)
  Jory (Vaults:5)
  Arachne (Spider:3)
  A pandemonium lord (Zot:5)
  Jorgrun (Spider:4)
  4 electric golems
  24 Orb Guardians (Zot:5)
  16 tentacled monstrosities
  4 liches
  12 quicksilver dragons
  9 titans
  A sphinx (shapeshifter) (D:15)
  13 death cobs
  7 sphinxes
  2 tentacled starspawn (Abyss:3)
  2 thorn hunters (Swamp:4)
  18 storm dragons
  Kirke (Swamp:4)
  5 tengu reavers
  13 shadow dragons
  7 draconian monks
  2 azure jellies (Depths:3)
  A revenant (Crypt:1)
  4 draconian knights
  An iron dragon (Vaults:5)
  3 deep elf sorcerers
  Louise (D:15)
  14 fire giants
  A cacodemon (Depths:3)
  19 frost giants
  An orc warlord (Orc:2)
  5 emperor scorpions
  A ghoul (Crypt:1)
  11 vault wardens
  9 draconian shifters
  5 draconian scorchers
  16 ironheart preservers
  4 ghost moths
  3 draconian stormcallers
  34 very ugly things
  2 war gargoyles (Vaults:5)
  A curse skull (Crypt:1)
  9 draconian annihilators
  5 entropy weavers
  2 deep elf annihilators
  4 vampire knights
  9 black draconians
  2 deep elf demonologists
  31 stone giants
  12 green draconians
  Azrael (D:15)
  8 purple draconians
  9 spark wasps
  8 white draconians
  9 red draconians
  7 yellow draconians
  Snorg (Orc:1)
  A minotaur (Lab)
  4 deep elf death magi
  27 ettins
  9 jiangshi
  8 fire dragons
  15 yaktaur captains
  10 great orbs of eyes
  5 rakshasas
  20 hydras
  16 ice dragons
  7 spriggan air magi
  32 vault guards
  4 death knights
  4 ghost crabs
  10 centaur warriors
  7 alligators
  53 two-headed ogres
  9 deep troll earth magi
  19 ogre magi
  16 deep troll shamans
  3 orc high priests (Orc:2)
  3 spriggan berserkers
  3 vampire magi
  7 tengu warriors
  9 hell knights
  A storm dragon zombie (Vaults:5)
  A soul eater (Depths:3)
  A fire crab (Volcano)
  13 iron trolls
  2 sixfirhies (Depths:3)
  Nergalle (Lair:1)
  5 deep elf knights
  A wretched star (Abyss:3)
  8 skeletal warriors
  2 spriggan druids
  A storm dragon skeleton (Vaults:5)
  55 slime creatures
  A spatial maelstrom (Abyss:3)
  9 glowing orange brains
  2 flayed ghosts
  4 unseen horrors
  8 swamp dragons
  6 wizards
  53 deep trolls
  7 deep elf archers
  21 ironbrand convokers
  11 phantasmal warriors
  A golden dragon skeleton (Depths:3)
  A shambling mangrove (Swamp:4)
  16 orc knights
  4 large abominations (Abyss:3)
  9 necromancers
  A lindwurm (Volcano)
  8 harpies (Vaults:2)
  17 orb spiders
  25 wolf spiders
  A cyclops (shapeshifter) (Depths:4)
  4 cyclopes
  91 ugly things
  10 orc sorcerers
  10 deep elf magi
  29 moths of wrath
  2 manticores
  A fire giant skeleton (Depths:3)
  2 black mambas
  3 worldbinders (Abyss:3)
  Maurice (D:8)
  A torpor snail (shapeshifter) (Depths:2)
  A naga mage (Depths:3)
  23 vault sentinels
  Joseph (Lair:1)
  A spiny frog (shapeshifter) (Vaults:4)
  A water nymph (shapeshifter) (Depths:2)
  A frost giant skeleton (Depths:3)
  5 ice statues
  A gargoyle (D:13)
  2 smoke demons (Abyss:3)
  A black mamba (shapeshifter) (Depths:3)
  2 torpor snails
  11 spiny frogs
  9 komodo dragons
  40 yaktaurs
  2 kobold demonologists (D:15)
  An efreet (D:15)
  A komodo dragon (shapeshifter) (Vaults:1)
  9 freezing wraiths
  3 tengu conjurers
  3 hellwings (Abyss:3)
  4 demonic crawlers
  An ancient zyme (Abyss:3)
  10 trolls
  A queen bee (Lair:2)
  2 queen bees (shapeshifter)
  7 tyrant leeches
  2 meliai (Lair:2)
  6 polar bears (Lair:6)
  20 hornets
  40 jumping spiders
  Grinder (Sewer)
  2 hornets (shapeshifter)
  11 blink frogs
  10 bog bodies
  A slime creature (shapeshifter) (Depths:2)
  2 dream sheep (Lair:6)
  3 raiju (Abyss:3)
  10 hippogriffs
  2 hippogriffs (shapeshifter)
  2 vampires (D:14)
  A centaur simulacrum (D:14)
  A redback (shapeshifter) (Vaults:4)
  5 flying skulls (Abyss:3)
  A raiju (shapeshifter) (Vaults:2)
  14 air elementals
  25 tarantellas
  A tarantella (shapeshifter) (D:15)
  2 wyverns (shapeshifter)
  15 spriggans
  10 wyverns
  An alligator skeleton (Crypt:1)
  A yak (shapeshifter) (Vaults:4)
  A shadow (Swamp:3)
  5 hogs (Swamp:4)
  94 redbacks
  3 fire elementals (D:15)
  A satyr skeleton (Crypt:1)
  4 fire bats (Volcano)
  2 water elementals (Depths:5)
  42 yaks
  2 hungry ghosts
  5 wraiths
  A yaktaur simulacrum (Vaults:5)
  2 steam dragons (Volcano)
  Grum (D:11)
  24 vampire mosquitoes
  A neqoxec (Abyss:3)
  A harpy simulacrum (Depths:3)
  15 insubstantial wisps
  17 swamp worms
  3 wargs
  Duvessa (D:5)
  A soldier ant (D:15)
  4 acid dragons
  5 small abominations (Abyss:3)
  A hydra simulacrum (Depths:3)
  9 water moccasins
  5 hell hounds
  7 porcupines
  2 black bears
  A sky beast (D:5)
  A fire dragon simulacrum (Depths:3)
  2 phantoms
  A hornet zombie (D:8)
  52 orc warriors
  10 swamp drakes
  8 ice beasts
  2 black mamba simulacra (Depths:3)
  55 ogres
  3 starcursed masses (Abyss:3)
  A human zombie (Vaults:1)
  2 necrophages
  16 boggarts
  An eye of draining (D:4)
  An ogre (shapeshifter) (Vaults:4)
  25 wolves
  12 centaurs
  16 crocodiles
  An elf simulacrum (Vaults:5)
  A big kobold (shapeshifter) (Abyss:3)
  An elf zombie (Crypt:1)
  A draconian zombie (Crypt:1)
  2 big kobolds
  Blork the orc (D:5)
  10 bullfrogs
  2 yaktaur skeletons
  Dowan (D:5)
  A wyvern zombie (D:13)
  4 water moccasin zombies (Ossuary)
  A wyvern skeleton (D:12)
  9 scorpions
  41 killer bees
  An elephant simulacrum (Depths:3)
  The ghost of moogleknight the Slasher, a weakling MiGl (D:4)
  An orc simulacrum (Vaults:2)
  10 wights
  6 electric eels
  A howler monkey (D:8)
  10 centaur zombies
  10 crimson imps
  8 hounds
  4 quasits
  4 jellies
  36 orc wizards
  6 centaur skeletons
  25 orc priests
  2 bullfrog skeletons
  17 worker ants
  3 iguanas
  5 hell rats (Lair:6)
  4 big kobold zombies (Sewer)
  A hound zombie (D:7)
  6 hound skeletons
  2 mummies (Ossuary)
  A worker ant zombie (D:9)
  A steam dragon zombie (Crypt:1)
  14 adders
  3 gnolls (D:7)
  2 naga simulacra (Depths:3)
  8 shadow imps
  A white imp (Depths:5)
  An ufetubus (Sewer)
  8 oozes
  An adder skeleton (D:5)
  7 adder zombies
  5 worms
  3 dart slugs
  7 leopard geckos
  119 orcs
  A bat zombie (Crypt:1)
  3 giant cockroaches
  5 gnoll zombies
  4 goblins
  4 hobgoblins
  5 jackals
  6 quokkas
  4 bats
  3 frilled lizards
  6 hobgoblin zombies (Ossuary)
  23 kobolds
  5 kobold zombies (Ossuary)
  A leopard gecko skeleton (D:5)
  2 orc zombies (Ossuary)
  3 quokka skeletons
  A quokka zombie (D:9)
  5 rats
  3 briar patches (Swamp:4)
  2 crawling corpses (Vaults:4)
  2 fungi (Lair:6)
  3 plants
  A starspawn tentacle (Abyss:3)
2487 creatures vanquished.

Vanquished Creatures (collateral kills)
  Roxanne (Spider:1)
  An ettin (D:13)
  Sonja (Lair:1)
  An iron troll (D:13)
4 creatures vanquished.

Vanquished Creatures (others)
  An Orb Guardian (Zot:5)
  A thorn hunter (Swamp:3)
  2 stone giants
  A draconian annihilator (Zot:3)
  7 yaktaur captains
  3 centaur warriors
  A tengu warrior (Depths:2)
  16 yaktaurs
  A meliai (Spider:1)
  A fire bat (Volcano)
  A spriggan (Swamp:2)
  2 humans (Swamp:4)
  A centaur (Depths:1)
  2 orcs
  3 kobold zombies (Sewer)
  4 briar patches
  11 fungi
  3 plants (Lair:6)
  7 starspawn tentacles (Abyss:3)
68 creatures vanquished.

Grand Total: 2559 creatures vanquished

Notes
Turn   | Place    | Note
-------+----------+-------------------------------------------
     0 | D:1      | Silverhawk the Minotaur Berserker began the quest for the Orb.
     0 | D:1      | Reached XP level 1. HP: 19/19 MP: 0/0
   277 | D:1      | Reached XP level 2. HP: 23/27 MP: 1/1
   778 | D:2      | Reached XP level 3. HP: 11/33 MP: 2/2
  1083 | D:2      | Reached ** piety under Trog
  1157 | D:2      | Found a snail-covered altar of Cheibriados.
  1271 | D:2      | Reached XP level 4. HP: 39/40 MP: 3/3
  1748 | D:3      | Found a shattered altar of Ashenzari.
  1783 | D:3      | Found a burning altar of Makhleb.
  2141 | D:4      | Noticed moogleknight's ghost (weakling MiGl)
  2145 | D:4      | Noticed an ogre
  2148 | D:4      | Killed moogleknight's ghost
  2148 | D:4      | Reached skill level 5 in Axes
  2148 | D:4      | Reached XP level 5. HP: 47/47 MP: 4/4
  2152 | D:4      | Killed an ogre
  2179 | D:4      | Reached XP level 6. HP: 55/55 MP: 5/5
  2222 | D:4      | Reached skill level 5 in Fighting
  2381 | D:4      | Found a basalt altar of Yredelemnul.
  2463 | D:4      | Found a glowing drain.
  2483 | Sewer    | Entered a sewer
  2493 | Sewer    | Reached *** piety under Trog
  2617 | Sewer    | Found a burning altar of Makhleb.
  2661 | Sewer    | Reached XP level 7. HP: 48/61 MP: 6/6
  2706 | Sewer    | Reached skill level 5 in Armour
  2712 | Sewer    | Noticed Grinder
  2727 | Sewer    | Killed Grinder
  3355 | D:4      | Reached XP level 8. HP: 66/70 MP: 7/7
  3387 | D:4      | Found a shimmering altar of Xom.
  3393 | D:4      | Reached skill level 5 in Dodging
  3512 | D:4      | Found a deep blue altar of Sif Muna.
  3721 | D:4      | Got a pair of polished gloves
  3727 | D:4      | Identified the cursed -1 pair of gloves of the Swan {Str+3} (You found it on level 4 of the Dungeon)
  3854 | D:5      | Entered Level 5 of the Dungeon
  3979 | D:5      | Found Toasul's General Store.
  3987 | D:5      | Bought a +0 pair of gloves for 63 gold pieces
  3987 | D:5      | Bought a potion of might for 56 gold pieces
  4110 | D:5      | Found a basalt altar of Yredelemnul.
  4121 | D:5      | Noticed Blork the orc
  4134 | D:5      | Killed Blork the orc
  4293 | D:5      | Noticed Duvessa
  4295 | D:5      | Noticed Dowan
  4298 | D:5      | Killed Duvessa
  4298 | D:5      | Reached skill level 1 in Shields
  4300 | D:5      | Killed Dowan
  4300 | D:5      | Reached **** piety under Trog
  4612 | D:6      | Reached XP level 9. HP: 79/79 MP: 8/8
  5576 | D:7      | Found a hide-covered altar of Uskayaw.
  5625 | D:7      | Reached ***** piety under Trog
  5646 | D:7      | Reached skill level 10 in Axes
  5689 | D:7      | Reached skill level 5 in Shields
  5846 | D:7      | Found a staircase to the Ecumenical Temple.
  6291 | D:8      | Reached XP level 10. HP: 81/88 MP: 9/9
  6385 | D:8      | Noticed Maurice
  6386 | D:8      | Found a sand-covered staircase.
  6390 | D:8      | Killed Maurice
  6400 | Ossuary  | Entered an ossuary
  6483 | Ossuary  | Received a gift from Trog
  6724 | D:8      | Paralysed by a hornet for 3 turns
  7183 | D:9      | Received a gift from Trog
  7739 | D:9      | Found Cuesupap's Jewellery Emporium.
  7815 | D:9      | Found Fudumet's Gadget Shoppe.
  7844 | D:9      | Noticed a two-headed ogre
  7853 | D:9      | Killed a two-headed ogre
  8049 | D:9      | Reached XP level 11. HP: 91/97 MP: 10/10
  8112 | D:9      | Found a staircase to the Lair.
  8422 | D:9      | Found Ysyotzig's Book Boutique.
  8468 | D:10     | Entered Level 10 of the Dungeon
  8628 | D:10     | Noticed a brown ugly thing
  8633 | D:10     | Noticed a two-headed ogre
  8644 | D:10     | Killed a brown ugly thing
  8646 | D:10     | Killed a two-headed ogre
  9299 | D:11     | Noticed a white ugly thing
  9309 | D:11     | Killed a white ugly thing
  9357 | D:11     | Found a staircase to the Orcish Mines.
  9386 | D:11     | Noticed a cyan ugly thing
  9396 | D:11     | Killed a cyan ugly thing
  9476 | D:11     | Noticed Grum
  9495 | D:11     | Killed Grum
  9571 | D:11     | Reached skill level 10 in Shields
  9889 | D:11     | Found Hibboar's Magic Scroll Shop.
  9892 | D:11     | Bought a scroll of noise for 14 gold pieces
  9892 | D:11     | Bought a scroll of enchant weapon for 105 gold pieces
  9892 | D:11     | Bought a scroll of fog for 28 gold pieces
  9892 | D:11     | Bought a scroll of fear for 49 gold pieces
  9892 | D:11     | Bought 2 scrolls of identify for 56 gold pieces
  9981 | D:11     | Reached skill level 10 in Fighting
 10282 | D:11     | Noticed an unseen horror
 10311 | D:11     | Killed an unseen horror
 10311 | D:11     | Received a gift from Trog
 10311 | D:11     | Reached XP level 12. HP: 97/106 MP: 11/11
 11196 | D:12     | Reached skill level 10 in Armour
 11978 | D:13     | Found Notois's Jewellery Shoppe.
 11984 | D:13     | Bought an uncursed ring of poison resistance for 340 gold pieces
 12009 | D:13     | Found a frozen archway.
 12018 | IceCv    | Entered an ice cave
 13388 | IceCv    | Got warped ice dragon scales
 13419 | IceCv    | Identified the +12 ice dragon scales "Wops" {rPois rF- rC++ Regen+ Slay-4} (You found it in an ice cave)
 13518 | D:13     | Found Tuafyigg's Magic Scroll Shoppe.
 13542 | D:13     | Noticed a two-headed ogre
 13550 | D:13     | Killed a two-headed ogre
 13743 | D:13     | Found Ysuur's Food Shop.
 13824 | D:13     | Noticed a centaur warrior
 13829 | D:13     | Killed a centaur warrior
 13829 | D:13     | Reached skill level 10 in Dodging
 13951 | D:13     | Noticed a vault guard
 13951 | D:13     | Noticed an ettin
 13969 | D:13     | Killed an ettin
 14015 | D:13     | Killed a vault guard
 14032 | D:13     | Found a gate to the Vaults.
 14048 | D:13     | Got a faintly humming chain mail
 14059 | D:13     | Identified the +1 chain mail of the Thirteen Princes {rF++ Dex-2} (You found it on level 13 of the Dungeon)
 14125 | D:13     | Noticed a tengu warrior
 14145 | D:13     | Killed a tengu warrior
 14145 | D:13     | Reached XP level 13. HP: 111/116 MP: 12/12
 14297 | Orc:1    | Entered Level 1 of the Orcish Mines
 14436 | Orc:1    | Noticed Snorg
 14447 | Orc:1    | Killed Snorg
 14595 | Orc:2    | Entered Level 2 of the Orcish Mines
 14669 | Orc:2    | Found a bloodstained altar of Trog.
 14930 | Orc:1    | Found a dark tunnel.
 14953 | Volcano  | Entered a volcano
 15149 | Volcano  | Found a radiant altar of Vehumet.
 15182 | Volcano  | Got a shimmering hat
 15189 | Volcano  | Found a radiant altar of Vehumet.
 15368 | Orc:1    | Noticed a stone giant
 15382 | Orc:1    | Killed a stone giant
 15382 | Orc:1    | Reached skill level 15 in Axes
 15614 | Orc:2    | Found a staircase to the Elven Halls.
 15682 | Orc:2    | Received a gift from Trog
 15763 | Orc:2    | Got an iridescent hunting sling {god gift}
 15764 | Orc:2    | Identified the +9 hunting sling of the Wary Beggars {venom, MR+} (Trog gifted it to you on level 2 of the Orcish Mines)
 16270 | Orc:2    | Noticed an orc warlord
 16304 | Orc:2    | Paralysed by an orc sorcerer for 3 turns
 16447 | Orc:2    | Identified the cursed -4 hat of Rationality {Regen+} (You found it in a volcano)
 16888 | Orc:2    | Killed an orc warlord
 17559 | Orc:2    | Found Bymuomat's General Store.
 17560 | Orc:2    | Found Deelenol's Jewellery Shop.
 17562 | Orc:2    | Found Laak's Antique Armour Boutique.
 17562 | Orc:2    | Found Zet Vim's Antique Weapon Boutique.
 17610 | Orc:2    | Bought a +4 amulet of reflection for 351 gold pieces
 17623 | Orc:2    | Bought a shiny buckler for 247 gold pieces
 17624 | Orc:2    | Bought a runed war axe for 221 gold pieces
 17843 | Orc:1    | Reached ****** piety under Trog
 17931 | Lair:1   | Entered Level 1 of the Lair of Beasts
 18041 | Lair:1   | Noticed Sonja
 18058 | Lair:1   | Killed Sonja
 18236 | Lair:1   | Noticed Joseph
 18239 | Lair:1   | Noticed Nergalle
 18245 | Lair:1   | Killed Joseph
 18263 | Lair:1   | Killed Nergalle
 18263 | Lair:1   | Reached XP level 14. HP: 126/126 MP: 13/13
 19117 | Lair:2   | Found a hole to the Spider Nest.
 19994 | Lair:3   | Received a gift from Trog
 20149 | Lair:3   | Found a shattered altar of Ashenzari.
 20358 | Lair:4   | Identified a scroll of acquirement
 20827 | Lair:4   | Found a staircase to the Swamp.
 21911 | Lair:6   | Entered Level 6 of the Lair of Beasts
 21958 | Lair:6   | Found a labyrinth entrance.
 21988 | Lab      | Entered a labyrinth
 23262 | Lab      | Got a slimy plate armour
 23310 | Lair:6   | Identified the cursed +0 plate armour of Yngu {rPois Dex+7} (You found it in a labyrinth)
 23327 | Lair:6   | Received a gift from Trog
 23617 | Lair:6   | Found a staircase to the Slime Pits.
 24162 | Lair:6   | Received a gift from Trog
 24628 | Spider:1 | Entered Level 1 of the Spider Nest
 24666 | Spider:1 | Reached XP level 15. HP: 99/134 MP: 4/14
 25166 | Spider:1 | Noticed Roxanne
 25208 | Spider:1 | Killed Roxanne
 25209 | Spider:1 | Identified Roxanne's Guide on Transformation (You took it off Roxanne on level 1 of the Spider Nest)
 25264 | Spider:1 | Noticed Nikola
 25278 | Spider:1 | Killed Nikola
 25278 | Spider:1 | Reached skill level 15 in Shields
 25754 | Spider:1 | You fall through a shaft!
 26241 | Spider:2 | Received a gift from Trog
 27384 | Spider:3 | Noticed Arachne
 27399 | Spider:3 | Killed Arachne
 27683 | Spider:3 | Reached XP level 16. HP: 146/146 MP: 5/15
 28091 | Spider:4 | Entered Level 4 of the Spider Nest
 28107 | Spider:4 | Received a gift from Trog
 28625 | Spider:4 | Noticed Jorgrun
 28646 | Spider:4 | Killed Jorgrun
 29099 | Spider:4 | Reached skill level 15 in Fighting
 29099 | Spider:4 | Reached skill level 15 in Armour
 29344 | Spider:4 | Received a gift from Trog
 29482 | Spider:4 | Got a gossamer rune of Zot
 29712 | Swamp:1  | Entered Level 1 of the Swamp
 30597 | Swamp:2  | Found a deep blue altar of Sif Muna.
 31607 | Swamp:3  | Noticed a thorn hunter
 31625 | Swamp:3  | Killed a thorn hunter
 31923 | Swamp:3  | Reached XP level 17. HP: 158/158 MP: 5/16
 32113 | Swamp:3  | Reached skill level 15 in Dodging
 32195 | Swamp:4  | Entered Level 4 of the Swamp
 32313 | Swamp:4  | Noticed Kirke
 32372 | Swamp:4  | Killed Kirke
 32462 | Swamp:4  | Received a gift from Trog
 32743 | Swamp:4  | Noticed the 27-headed Lernaean hydra
 33020 | Swamp:4  | Killed the 27-headed Lernaean hydra
 33189 | Swamp:4  | Got a decaying rune of Zot
 33998 | Vaults:1 | Entered Level 1 of the Vaults
 34027 | Vaults:1 | Found Rygac's Food Emporium.
 34048 | Vaults:1 | Found Enogeghiph's Food Boutique.
 34116 | Vaults:1 | Found Beawoi's Magic Scroll Boutique.
 34134 | Vaults:1 | Received a gift from Trog
 34180 | Vaults:1 | HP: 7/244 [demonic crawler[a deep elf mage] (7)]
 34185 | Vaults:1 | HP: 10/244 [demonic crawler[a deep elf mage] (1)]
 34414 | Vaults:1 | Found Bysau's Magic Scroll Emporium.
 34451 | Vaults:1 | Cast into level 3 of the Abyss (a deep elf demonologist)
 34560 | Abyss:3  | Gained mutation: You occasionally shout uncontrollably at your foes. [a neqoxec]
 34570 | Abyss:3  | Reached XP level 18. HP: 137/173 MP: 5/17
 34687 | Abyss:3  | Received a gift from Trog
 34838 | Vaults:1 | Escaped the Abyss
 34851 | Vaults:1 | Noticed a Brimstone Fiend
 34977 | Vaults:1 | Found a flickering gateway to a bazaar.
 34985 | Bazaar   | Entered a bazaar
 34990 | Bazaar   | Found Vuuleg's Food Shoppe.
 34998 | Bazaar   | Found Aneoth's Jewellery Boutique.
 35012 | Bazaar   | Bought a +3 ring of slaying for 585 gold pieces
 35032 | Bazaar   | Found Weoviyt's General Store.
 35040 | Bazaar   | Found Bennomn's Book Shop.
 35468 | Vaults:1 | Bought a scroll of magic mapping for 35 gold pieces
 35778 | Vaults:1 | Bought a scroll of enchant armour for 165 gold pieces
 36155 | Vaults:1 | Received a gift from Trog
 36670 | Vaults:2 | Received a gift from Trog
 36720 | Vaults:2 | Reached XP level 19. HP: 187/187 MP: 6/18
 37199 | Vaults:2 | Received a gift from Trog
 37288 | Vaults:2 | Found a staircase to the Crypt.
 37288 | Vaults:2 | Found a basalt altar of Yredelemnul.
 37289 | Vaults:2 | Found an ancient bone altar of Kikubaaqudgha.
 37855 | Vaults:3 | Noticed Bai Suzhen
 37891 | Vaults:3 | Killed Bai Suzhen
 38296 | Vaults:3 | Received a gift from Trog
 38438 | Vaults:3 | Noticed Mennas
 38484 | Vaults:3 | Killed Mennas
 38873 | Vaults:3 | Noticed Xtahua
 38885 | Vaults:3 | Killed Xtahua
 39071 | Vaults:4 | Noticed Frederick
 39093 | Vaults:4 | Killed Frederick
 39093 | Vaults:4 | Reached XP level 20. HP: 187/200 MP: 6/19
 39306 | Vaults:4 | Found Suggyc's Armour Shop.
 39335 | Vaults:4 | Found a burning altar of Makhleb.
 39402 | Vaults:4 | Found a portal to a secret trove of treasure.
 39616 | Vaults:4 | Received a gift from Trog
 39827 | Vaults:4 | Noticed a golden dragon
 39848 | Vaults:4 | Killed a golden dragon
 39890 | Vaults:4 | Received a gift from Trog
 40490 | Vaults:5 | Entered Level 5 of the Vaults
 40566 | Crypt:1  | Entered Level 1 of the Crypt
 41487 | D:14     | Reached XP level 21. HP: 212/212 MP: 6/20
 41524 | D:14     | Received a gift from Trog
 41893 | D:15     | Entered Level 15 of the Dungeon
 41898 | D:15     | Noticed Azrael
 41912 | D:15     | Killed Azrael
 42000 | D:15     | Noticed Louise
 42023 | D:15     | Killed Louise
 42114 | D:15     | Found a burning altar of Makhleb.
 42576 | D:15     | Received a gift from Trog
 42899 | D:15     | Found a staircase to the Depths.
 43205 | Depths:1 | Entered Level 1 of the Depths
 43233 | Depths:1 | Reached skill level 1 in Evocations
 43563 | Depths:1 | Found Haler's Elemental Accessories.
 43741 | Depths:1 | Found a gateway to Hell.
 44004 | Depths:1 | Received a gift from Trog
 44056 | Depths:1 | Found a one-way gate to the infinite horrors of the Abyss.
 44896 | Depths:2 | Received a gift from Trog
 44950 | Depths:2 | Reached XP level 22. HP: 160/224 MP: 8/24
 45069 | Depths:2 | Noticed a golden dragon
 45082 | Depths:2 | Killed a golden dragon
 46008 | Depths:3 | Found a one-way gate leading to the halls of Pandemonium.
 46037 | Depths:3 | Reached skill level 5 in Evocations
 46917 | Depths:3 | Received a gift from Trog
 47153 | Depths:3 | Gained mutation: You are frail. (-10% HP) [a cacodemon]
 47166 | Depths:3 | Gained mutation: Scrolls take you a little longer to read. [a cacodemon]
 47546 | Depths:3 | Identified the Tome of the Snowflakes
 48002 | Depths:4 | Received a gift from Trog
 49278 | Depths:4 | Reached XP level 23. HP: 183/212 MP: 9/27
 49293 | Depths:4 | Found a gateway to a ziggurat.
 49777 | Depths:5 | Entered Level 5 of the Depths
 49818 | Depths:5 | Received a gift from Trog
 51174 | Depths:5 | Found a gate to the Realm of Zot.
 51860 | Vaults:3 | Reached skill level 27 in Fighting
 52350 | Vaults:4 | Received a gift from Trog
 52644 | Vaults:5 | Reached XP level 24. HP: 224/224 MP: 9/27
 52669 | Vaults:5 | Noticed an ancient lich
 52680 | Vaults:5 | Killed an ancient lich
 52717 | Vaults:5 | Found Bosuarum's Book Boutique.
 52778 | Vaults:5 | Got a pair of polished gloves
 52781 | Vaults:5 | Identified the +1 pair of gloves "Zejoyb" {Dex+3} (You found it on level 5 of the Vaults)
 52941 | Vaults:5 | Received a gift from Trog
 53416 | Vaults:5 | Noticed Jory
 53431 | Vaults:5 | Killed Jory
 53475 | Vaults:5 | Got a warped broad axe {pain}
 53478 | Vaults:5 | Identified the cursed +1 broad axe "Niwkaat" {pain, rN+ Str-3 Int+4} (You took it off a yaktaur captain on level 5 of the Vaults)
 53761 | Vaults:5 | Received a gift from Trog
 54629 | Vaults:5 | Got a silver rune of Zot
 55300 | Zot:1    | Entered Level 1 of the Realm of Zot
 55360 | Zot:1    | Reached XP level 25. HP: 150/231 MP: 4/27
 55685 | Zot:1    | Noticed an orb of fire
 55692 | Zot:1    | Gained mutation: Armour fits poorly on your strangely shaped body. [an orb of fire]
 55695 | Zot:1    | Gained mutation: You are weak. (Str -2) [an orb of fire]
 55699 | Zot:1    | Killed an orb of fire
 55707 | Zot:1    | Received a gift from Trog
 58437 | Zot:3    | Received a gift from Trog
 58577 | Zot:3    | Reached XP level 26. HP: 146/239 MP: 9/27
 59309 | Zot:4    | Found a burning altar of Makhleb.
 59878 | Zot:4    | Received a gift from Trog
 60170 | Zot:4    | Reached skill level 27 in Armour
 61207 | Zot:4    | Received a gift from Trog
 61210 | Zot:4    | Got a polished war axe {god gift}
 61213 | Zot:4    | Identified the +3 war axe of Classification {drain, rN+++ Dex-5} (Trog gifted it to you on level 4 of the Realm of Zot)
 61291 | Zot:5    | Entered Level 5 of the Realm of Zot
 61681 | Zot:5    | Reached skill level 27 in Dodging
 61869 | Zot:5    | Noticed an ancient lich
 61882 | Zot:5    | Killed an ancient lich
 62183 | Zot:5    | Noticed an ancient lich
 62183 | Zot:5    | Noticed an orb of fire
 62183 | Zot:5    | Gained mutation: Your spells are a little easier to cast, but a little less powerful. [an orb of fire]
 62210 | Zot:5    | Killed an orb of fire
 62210 | Zot:5    | Reached XP level 27. HP: 218/245 MP: 9/27
 62214 | Zot:5    | Killed an ancient lich
 62519 | Zot:5    | Noticed an ancient lich
 62527 | Zot:5    | Noticed an ancient lich
 62533 | Zot:5    | Killed an ancient lich
 62542 | Zot:5    | Killed an ancient lich
 62555 | Zot:5    | Noticed an ancient lich
 62556 | Zot:5    | Noticed an orb of fire
 62561 | Zot:5    | Noticed an ancient lich
 62570 | Zot:5    | Killed an ancient lich
 62575 | Zot:5    | Gained mutation: You are very weak. (Str -4) [an orb of fire]
 62585 | Zot:5    | Noticed an ancient lich
 62585 | Zot:5    | Noticed an ancient lich
 62666 | Zot:5    | Killed an ancient lich
 62725 | Zot:5    | Gained mutation: You tend to lose your temper in combat. [an orb of fire]
 62733 | Zot:5    | Killed an orb of fire
 63062 | Zot:5    | Killed an ancient lich
 63273 | Zot:5    | Got the Orb of Zot
 63312 | Zot:5    | Noticed Unisa the pandemonium lord
 63319 | Zot:5    | Received a gift from Trog
 63327 | Zot:5    | Noticed Guveulla the pandemonium lord
 63330 | Zot:5    | Killed an ancient lich
 63333 | Zot:5    | Killed Unisa the pandemonium lord
 63338 | Zot:5    | HP: 11/245 [???[Guveulla] (8)]
 63338 | Zot:5    | HP: 3/245 [Hell Sentinel[Guveulla] (8)]
 63339 | Zot:5    | Slain by a balrug

Skill      XL: |  1  2  3  4  5  6  7  8  9 10 11 12 13 14 15 16 17 18 19 20 21 22 23 24 25 26 27 |
---------------+----------------------------------------------------------------------------------+-----
Axes           | 4 5 6 7 9 10 11 13 14 15 17 18 | 18.0
Fighting       | 4 5 6 7 8 9 10 11 12 14 16 18 20 22 23 24 26 27 | 27.0
Armour         | 3 4 5 6 7 8 9 10 11 12 14 15 16 17 18 19 20 21 22 24 26 27 | 27.0
Dodging        | 3 4 5 6 8 9 10 11 12 13 14 16 17 18 19 20 21 23 25 27 | 27.0
Shields        | 2 6 8 10 12 13 14 15 16 22 | 22.2
Evocations     | 4 7 |  7.5

Action                   |  1- 3 |  4- 6 |  7- 9 | 10-12 | 13-15 | 16-18 | 19-21 | 22-24 | 25-27 || total
-------------------------+-------+-------+-------+-------+-------+-------+-------+-------+-------++-------
Melee: Hand axe          |    89 |   153 |   377 |   961 |   766 |       |       |       |       ||  2346
       Headbutt          |     7 |    32 |    83 |   277 |   453 |   448 |   456 |   523 |   465 ||  2744
       War axe           |       |       |       |       |   278 |       |       |       |       ||   278
       Broad axe         |       |       |       |       |   918 |  1670 |  1470 |  1453 |  1341 ||  6852
Invok: Berserk           |       |     1 |     4 |    10 |    18 |    12 |     7 |    16 |    17 ||    85
       Trog's Hand       |       |       |     2 |     9 |    16 |    17 |     7 |    28 |    20 ||    99
       Brothers in Arms  |       |       |       |     2 |     2 |       |       |       |       ||     4
       Burn Spellbooks   |       |       |       |       |     3 |     1 |     1 |     6 |       ||    11
Evoke: Wand              |       |       |     1 |     1 |       |     1 |     1 |     2 |       ||     6
  Use: Scroll            |       |       |     8 |    13 |    26 |     5 |    11 |    10 |     8 ||    81
       Potion            |       |       |       |       |     4 |     5 |       |     1 |     9 ||    19
 Stab: Distracted        |       |     1 |       |       |       |       |     1 |       |       ||     2
       Held in net/web   |       |       |       |       |       |     1 |       |       |       ||     1
       Invisible         |       |       |       |       |       |     1 |       |       |       ||     1
       Petrified         |       |       |       |       |       |       |     7 |       |       ||     7
       Petrifying        |       |       |       |       |       |       |     1 |       |       ||     1
  Eat: Chunk             |     1 |     6 |    12 |    20 |    34 |    13 |    22 |     3 |    13 ||   124
       Meat ration       |       |       |     1 |       |       |       |     1 |     5 |     2 ||     9
       Fruit             |       |       |       |    11 |     6 |     2 |     7 |    16 |     4 ||    46
       Royal jelly       |       |       |       |     5 |    16 |     8 |       |    12 |       ||    41
       Bread ration      |       |       |       |       |       |     4 |     1 |     2 |     8 ||    15
Armor: Animal skin       |     8 |       |       |       |       |       |       |       |       ||     8
       Ring mail         |    21 |     5 |       |       |       |       |       |       |       ||    26
       Chain mail        |       |    15 |       |       |       |       |       |       |       ||    15
       Plate armour      |       |   128 |   163 |   458 |       |       |       |       |       ||   749
       Ice dragon scales |       |       |       |    53 |   672 |   750 |   161 |       |       ||  1636
       Gold dragon scale |       |       |       |       |       |       |   152 |   679 |   521 ||  1352
Dodge: Dodged            |    47 |   100 |   127 |   442 |  1005 |  1106 |   444 |   719 |   709 ||  4699
Block: Buckler           |       |       |    50 |   263 |   406 |       |       |       |       ||   719
       Reflection        |       |       |       |       |     4 |    45 |    97 |    77 |    17 ||   240
       Shield            |       |       |       |       |  1045 |  1804 |  1290 |  1784 |  1499 ||  7422
